[Event "ICC tourney 2595 (40 10)"]
[Site "Internet Chess Club"]
[Date "2021.06.05"]
[Round "4"]
[White "Yang, Leah:Leahyang0713"]
[Black "GUAN, MARIE:marieplaychess"]
[Result "0-1"]
[ICCResult "White resigns"]
[WhiteElo "588"]
[BlackElo "951"]
[Opening "French: advance, Paulsen attack"]
[ECO "C02"]
[NIC "FR.03"]
[Time "17:46:57"]
[PlyCount "86"]
[TimeControl "2400+10"]

1. e4 e6 2. d4 d5 3. e5 c5 4. c3 Nc6 5. Nf3 Qb6 6. b3 Nge7 7. Be3 Nf5 8.
Be2 cxd4 9. cxd4 Bb4+ 10. Nbd2 Nfxd4 11. Bxd4 Nxd4 12. O-O Nxf3+ 13. Nxf3
Bc3 14. Rc1 Bb4 15. Nd4 O-O 16. Qd3 Ba3 17. Rc3 Bb2 18. Rc2 Bxd4 19. Rd1
Bxe5 20. Qh3 h6 21. Qh5 Bd4 22. Bf1 e5 23. Rcd2 Qf6 24. Rxd4 exd4 25. Qxd5
Rd8 26. Qc4 Be6 27. Qb4 Bg4 28. f3 Bc8 29. Qe1 Qg6 30. Qb4 d3 31. Qc3 Qb6+
32. Kh1 Qe3 33. Bxd3 Bf5 34. h3 Rxd3 35. Rxd3 Qxd3 36. Qe1 Qb1 37. Qxb1
Bxb1 38. a3 Rc8 39. b4 Rc3 40. a4 Rc4 41. b5 Rxa4 42. Kh2 Rb4 43. Kg3 Rxb5
{ White resigns } 0-1

[Event "ICC tourney 2595 (40 10)"]
[Site "Internet Chess Club"]
[Date "2021.06.05"]
[Round "4"]
[White "Smith, Graham Bradley:Smittyboy13"]
[Black "BAI, JEFFREY:Jeffchess"]
[Result "1-0"]
[ICCResult "Black checkmated"]
[WhiteElo "1043"]
[BlackElo "1264"]
[Opening "French: exchange variation"]
[ECO "C01"]
[NIC "FR.01"]
[Time "17:46:58"]
[PlyCount "67"]
[TimeControl "2400+10"]

1. e4 e6 2. d4 d5 3. exd5 exd5 4. Bd3 Nc6 5. c3 Nf6 6. Nf3 Bg4 7. O-O Bxf3
8. Qxf3 Be7 9. Bg5 h6 10. Bh4 g5 11. Bg3 Rg8 12. Re1 Kf8 13. Nd2 g4 14. Qe2
Nh5 15. Rf1 Bh4 16. Rae1 Bg5 17. Bh7 Rg7 18. Bf5 Qe8 19. Qd3 Qd8 20. Nb3
Nf4 21. Qc2 h5 22. f3 gxf3 23. Rxf3 Qd6 24. Qf2 Qf6 25. Bxf4 Bxf4 26. Rxf4
Rg5 27. Be6 Qh6 28. Rxf7+ Ke8 29. Bxd5+ Ne5 30. Qf4 Qg6 31. Rxe5+ Rxe5 32.
Qxe5+ Kd8 33. Qe7+ Kc8 34. Qxc7# { Black checkmated } 1-0

[Event "ICC tourney 2595 (40 10)"]
[Site "Internet Chess Club"]
[Date "2021.06.05"]
[Round "4"]
[White "KUNAMNENI, SUJAY:sujay2010"]
[Black "Yang, Daniel Benji:DanielYang99"]
[Result "1-0"]
[ICCResult "Black resigns"]
[WhiteElo "1315"]
[BlackElo "815"]
[Opening "Queen's pawn, Mason variation"]
[ECO "D00"]
[NIC "QP.08"]
[Time "17:47:19"]
[PlyCount "165"]
[TimeControl "2400+10"]

1. d4 d5 2. Bf4 Nf6 3. e3 Bf5 4. Bd3 Bxd3 5. cxd3 e6 6. Nf3 c5 7. Qb3 Qb6
8. Nc3 Qxb3 9. axb3 Nc6 10. Ke2 Nh5 11. Nb5 Nxf4+ 12. exf4 Kd7 13. Rhc1 b6
14. dxc5 Bxc5 15. b4 Bd6 16. Nxd6 Kxd6 17. b5 Ne7 18. Ng5 Rhf8 19. Nxh7 Rg8
20. Ng5 f6 21. Nf3 Rgc8 22. Rc3 Rc5 23. Rxc5 bxc5 24. Ra6+ Kd7 25. Kd2 Nc8
26. Rc6 Ne7 27. Ra6 Nc8 28. Rc6 Ne7 29. Rxc5 Kd6 30. b4 a5 31. bxa6 Nc6 32.
d4 Nxb4 33. Rb5 Nxa6 34. Ra5 Nc7 35. Rxa8 Nxa8 36. h4 Nc7 37. Kc3 f5 38.
Ne5 Nb5+ 39. Kd3 Ke7 40. Ng6+ Kf6 41. h5 Nd6 42. f3 Nb5 43. g3 Na3 44. g4
fxg4 45. fxg4 Nb5 46. Ke3 Kf7 47. Kd3 Nd6 48. Ne5+ Ke8 49. Ng6 Ne4 50. Ne5
Nd6 51. Ke3 Nb5 52. Nd3 Kf7 53. Nc1 Na3 54. Kf2 Nb5 55. Ke3 Na3 56. Ne2
Nc4+ 57. Kd3 Nb2+ 58. Kd2 Nc4+ 59. Kc3 Ne3 60. g5 Nf5 61. Kb3 Kf8 62. Kb4
Ke7 63. Kb5 Kf7 64. Kc5 Ke7 65. Nc1 Ng3 66. h6 gxh6 67. gxh6 Kf7 68. h7 Kg7
69. Kd6 Nf5+ 70. Ke5 Kxh7 71. Nd3 Kg6 72. Nc5 Kf7 73. Nxe6 Ne3 74. Nc5 Ng2
75. Nb7 Ne1 76. Kxd5 Nf3 77. Ke4 Nd2+ 78. Kd3 Nf1 79. d5 Ke7 80. d6+ Kd7
81. Kd4 Kc6 82. f5 Nd2 83. f6 { Black resigns } 1-0

[Event "ICC tourney 2595 (40 10)"]
[Site "Internet Chess Club"]
[Date "2021.06.05"]
[Round "4"]
[White "PU, GAVIN:ChessG2011"]
[Black "LI, MASON:iamlifamily"]
[Result "0-1"]
[ICCResult "White forfeits on time"]
[WhiteElo "1115"]
[BlackElo "1266"]
[Opening "Caro-Kann: classical, 6.h4"]
[ECO "B18"]
[NIC "CK.12"]
[Time "17:47:12"]
[PlyCount "80"]
[TimeControl "2400+10"]

1. e4 c6 2. d4 d5 3. Nc3 dxe4 4. Nxe4 Bf5 5. Ng3 Bg6 6. h4 h6 7. h5 Bh7 8.
Nf3 Nd7 9. Bd3 Bxd3 10. Qxd3 e6 11. Bd2 Bd6 12. Ne4 Bc7 13. O-O-O Ngf6 14.
Nxf6+ Nxf6 15. Be3 b5 16. Ne5 Qd5 17. Qc3 Qxg2 18. Qxc6+ Qxc6 19. Nxc6 O-O
20. Rhg1 Kh7 21. Rg2 Nxh5 22. Rh1 Nf6 23. Rhg1 g6 24. Rh1 h5 25. Bg5 Nd5
26. Ne5 f6 27. Nd7 Rf7 28. Bxf6 Nxf6 29. Ne5 Bxe5 30. dxe5 Nd7 31. Rg5 Rxf2
32. Rhg1 Nf8 33. Rd1 Rc8 34. c3 Rf5 35. Rg3 Rxe5 36. Rd6 Kh6 37. Ra6 Rc7
38. Rd6 g5 39. Rd8 Nh7 40. Rd4 h4 { White forfeits on time } 0-1

[Event "ICC tourney 2595 (40 10)"]
[Site "Internet Chess Club"]
[Date "2021.06.05"]
[Round "4"]
[White "ROUTRAY, NIRMALYA:NIRMALYA01"]
[Black "PANIKKATH, ADITYA:K09-30103787"]
[Result "1-0"]
[ICCResult "Black checkmated"]
[WhiteElo "797"]
[BlackElo "546"]
[Opening "English opening"]
[ECO "A20"]
[NIC "EO.25"]
[Time "17:47:14"]
[PlyCount "115"]
[TimeControl "2400+10"]

1. c4 e5 2. e3 f5 3. Nc3 Nf6 4. d4 exd4 5. exd4 c5 6. Nf3 cxd4 7. Nxd4 Nc6
8. Nxc6 bxc6 9. Bg5 h6 10. Bxf6 Qxf6 11. Bd3 Bb4 12. Qc2 Bxc3+ 13. bxc3 d6
14. O-O O-O 15. Rfe1 Bb7 16. Rab1 Rab8 17. Rb4 c5 18. Rb3 Bc6 19. Rxb8 Rxb8
20. Bxf5 Qg5 21. Be6+ Kh8 22. g3 Re8 23. Qb1 Qf6 24. Bd5 Rxe1+ 25. Qxe1 Bd7
26. Kg2 Kh7 27. f4 a6 28. Qe2 Qxc3 29. Qe4+ Kh8 30. f5 Qd2+ 31. Kh3 Qxa2
32. Be6 Bxe6 33. fxe6 Qa4 34. Qa8+ Kh7 35. Qc8 Qd1 36. Qe8 Qf1+ 37. Kh4
Qxc4+ 38. g4 Qe2 39. h3 Qf2+ 40. Kh5 Qg3 41. Qg6+ Kh8 42. h4 Qe5+ 43. Qf5
Kg8 44. Kg6 Qxf5+ 45. gxf5 Kf8 46. e7+ Ke8 47. Kxg7 c4 48. f6 c3 49. f7+
Kd7 50. e8=Q+ Kc7 51. f8=Q c2 52. Qf1 d5 53. Qc1 d4 54. Qxc2+ Kb6 55. Qcc6+
Ka5 56. Qd8+ Kb4 57. Qxd4+ Ka5 58. Qdc5# { Black checkmated } 1-0

[Event "ICC tourney 2595 (40 10)"]
[Site "Internet Chess Club"]
[Date "2021.06.05"]
[Round "4"]
[White "Kale, Shubham:shubham07"]
[Black "Balamurali, Diya:Di28"]
[Result "1-0"]
[ICCResult "Black checkmated"]
[WhiteElo "1178"]
[BlackElo "1056"]
[Opening "English: Sicilian reversed"]
[ECO "A25"]
[NIC "EO.23"]
[Time "17:47:21"]
[PlyCount "67"]
[TimeControl "2400+10"]

1. c4 e5 2. Nc3 Nc6 3. e4 Nf6 4. g3 Bc5 5. Bg2 d6 6. Nge2 a6 7. a3 Be6 8.
d3 h6 9. b4 Bb6 10. O-O a5 11. b5 Ne7 12. a4 Bc5 13. Ba3 Bxa3 14. Rxa3 O-O
15. f4 exf4 16. gxf4 Bg4 17. h3 Bxe2 18. Qxe2 Ng6 19. f5 Ne5 20. d4 Ned7
21. e5 dxe5 22. dxe5 Nh7 23. Bxb7 Rb8 24. Bd5 Qg5+ 25. Kh2 Rbd8 26. Ne4 Qe7
27. Rg3 Qxe5 28. Qg4 Nb6 29. f6 Ng5 30. Rf5 Qe8 31. Rxg5 hxg5 32. Qxg5 g6
33. Qxg6+ Kh8 34. Qg7# { Black checkmated } 1-0

[Event "ICC tourney 2595 (40 10)"]
[Site "Internet Chess Club"]
[Date "2021.06.05"]
[Round "4"]
[White "JANAPAREDDY, SRESHTHA:Sreshthaj"]
[Black "CHANDRA, MAURYA:maurya18"]
[Result "0-1"]
[ICCResult "White checkmated"]
[WhiteElo "1126"]
[BlackElo "1269"]
[Opening "Sicilian: Najdorf, Lipnitzky attack"]
[ECO "B86"]
[NIC "SI.13"]
[Time "17:47:20"]
[PlyCount "60"]
[TimeControl "2400+10"]

1. e4 c5 2. Nf3 d6 3. d4 cxd4 4. Nxd4 Nf6 5. Nc3 a6 6. Bc4 e6 7. O-O Be7 8.
h3 O-O 9. Be3 Bd7 10. Qf3 Nc6 11. Qg3 Kh8 12. Rad1 Ne5 13. Bb3 a5 14. Ndb5
Bxb5 15. Nxb5 a4 16. f4 Nxe4 17. Qe1 Bh4 18. Qb4 Ng3 19. fxe5 Nxf1 20. Kxf1
axb3 21. Rxd6 Qe7 22. Bc5 Qg5 23. cxb3 Rxa2 24. Rd1 Rxb2 25. Qe4 Qg3 26.
Qf3 Qh2 27. Nc3 Qh1+ 28. Bg1 Rc8 29. Qxb7 Rf2+ 30. Ke1 Qxg1# { White
checkmated } 0-1

[Event "ICC tourney 2595 (40 10)"]
[Site "Internet Chess Club"]
[Date "2021.06.05"]
[Round "4"]
[White "NAIR, PRANAV PRASANTH:pkcl"]
[Black "BRAHMANAPALLY, SARVAGNYA:bsarvagnya"]
[Result "1-0"]
[ICCResult "Black forfeits on time"]
[WhiteElo "1216"]
[BlackElo "1323"]
[Opening "Giuoco Pianissimo"]
[ECO "C50"]
[NIC "IG.02"]
[Time "17:47:20"]
[PlyCount "67"]
[TimeControl "2400+10"]

1. e4 e5 2. Nf3 Nc6 3. Bc4 Bc5 4. d3 d6 5. h3 Nd4 6. Be3 Nf6 7. O-O O-O 8.
Nc3 c6 9. Bxd4 exd4 10. Ne2 Qb6 11. Bb3 Be6 12. Ng3 d5 13. Ng5 Rad8 14.
Nxe6 fxe6 15. exd5 Nxd5 16. Re1 Rde8 17. Ne4 Rf7 18. Qg4 Nf6 19. Nxf6+ Rxf6
20. Rxe6 Rexe6 21. Bxe6+ Kh8 22. Bb3 h6 23. Re1 Qd8 24. Qe4 Rf8 25. Qe5 Bd6
26. Qe4 Qf6 27. Qe2 Qf4 28. g3 Qf5 29. Kg2 b5 30. Rf1 a5 31. a3 Qg6 32. Qe4
Qf6 33. Qxc6 h5 34. Qd5 { Black forfeits on time } 1-0

[Event "ICC tourney 2595 (40 10)"]
[Site "Internet Chess Club"]
[Date "2021.06.05"]
[Round "4"]
[White "DIAO, SUJIA:DiamondUnicorn"]
[Black "MANE, ARNAV KISHOR:georgianknight"]
[Result "0-1"]
[ICCResult "White checkmated"]
[WhiteElo "496"]
[BlackElo "1396"]
[Opening "Sicilian: Najdorf, Byrne (English) attack"]
[ECO "B90"]
[NIC "SI.14"]
[Time "17:46:59"]
[PlyCount "110"]
[TimeControl "2400+10"]

1. e4 c5 2. Nf3 d6 3. d4 cxd4 4. Nxd4 Nf6 5. Nc3 a6 6. Be3 e6 7. Bd3 b5 8.
a3 Bb7 9. O-O Nbd7 10. b4 Qc7 11. Qd2 Rc8 12. Nde2 Be7 13. f3 O-O 14. Na2
d5 15. exd5 Nxd5 16. Kh1 Nxe3 17. Qxe3 Kh8 18. Ng3 Nf6 19. Rfe1 Nd5 20. Qd2
Bd6 21. Qf2 Be5 22. Rab1 Rfd8 23. Re2 Nf4 24. Rd2 Nxd3 25. cxd3 Bd4 26. Qe2
Bd5 27. Rc1 Qb8 28. Rxc8 Rxc8 29. Rc2 Bxa2 30. Rxa2 Qe5 31. Qd1 Bb2 32. Ne4
Rc1 33. Qxc1 Bxc1 34. Rc2 g6 35. Rxc1 Qb2 36. Rc8+ Kg7 37. h3 Qxa3 38. Kh2
Qxb4 39. Rc5 a5 40. Rc3 a4 41. Kg3 a3 42. Rxa3 Qxa3 43. Nf2 b4 44. d4 b3
45. Nd3 b2 46. Nxb2 Qxb2 47. d5 exd5 48. f4 d4 49. Kf3 d3 50. Ke3 d2 51.
Ke2 Qc1 52. Kf2 d1=Q 53. Kg3 Qe3+ 54. Kh4 Qde1+ 55. Kg5 Q1g3# { White
checkmated } 0-1

[Event "ICC tourney 2595 (40 10)"]
[Site "Internet Chess Club"]
[Date "2021.06.05"]
[Round "4"]
[White "JACOBS, STEVE:Steviejay"]
[Black "SURIYAPRAKASH, SHRUTI:shrutisuriya"]
[Result "0-1"]
[ICCResult "White resigns"]
[WhiteElo "1343"]
[BlackElo "1049"]
[Opening "Torre attack (Tartakower variation)"]
[ECO "D03"]
[NIC "QP.08"]
[Time "17:47:07"]
[PlyCount "92"]
[TimeControl "2400+10"]

1. d4 d5 2. Nf3 Nf6 3. Bg5 e6 4. Nbd2 c5 5. c3 Nc6 6. e3 h6 7. Bh4 b6 8.
Bd3 Be7 9. O-O O-O 10. Re1 Bb7 11. h3 Rc8 12. Qe2 Re8 13. Rac1 c4 14. Bb1
Qc7 15. e4 Qd8 16. Bxf6 Bxf6 17. e5 Bg5 18. Nxg5 Qxg5 19. Nf3 Qe7 20. Qc2
g6 21. Re3 f5 22. exf6 Qxf6 23. Qxg6+ Qxg6 24. Bxg6 Re7 25. Nh4 Rf8 26.
Rce1 Bc8 27. Rg3 Rg7 28. Rf3 Rxf3 29. gxf3 Ne7 30. Kh2 Nxg6 31. Nxg6 Rxg6
32. f4 Kf7 33. Rg1 Rf6 34. Kg3 Rg6+ 35. Kh2 Rxg1 36. Kxg1 Kf6 37. Kg2 Kf5
38. Kf3 Bd7 39. Kg3 Be8 40. f3 h5 41. h4 a6 42. b3 cxb3 43. axb3 a5 44. Kf2
Kxf4 45. Kg2 b5 46. Kf2 a4 { White resigns } 0-1

[Event "ICC tourney 2595 (40 10)"]
[Site "Internet Chess Club"]
[Date "2021.06.05"]
[Round "4"]
[White "BLIZNIUK, STANISLAW:Sbliz20"]
[Black "MCQUILLIN, DANIL ALSANDAIR:DanilMcQuillin"]
[Result "1-0"]
[ICCResult "Black resigns"]
[WhiteElo "1176"]
[BlackElo "1391"]
[Opening "Four knights: Italian variation"]
[ECO "C47"]
[NIC "KP.06"]
[Time "17:47:19"]
[PlyCount "121"]
[TimeControl "2400+10"]

1. e4 e5 2. Nf3 Nc6 3. Nc3 Nf6 4. Bc4 Nxe4 5. Nxe4 d5 6. Bd3 dxe4 7. Bxe4
Bd6 8. O-O O-O 9. d3 Bg4 10. h3 Bh5 11. g4 Bg6 12. Bg5 Qd7 13. Bxg6 hxg6
14. Be3 f5 15. Nh2 f4 16. Bd2 Kf7 17. Nf3 Be7 18. Kg2 g5 19. Qe2 Bf6 20.
Bc3 Rae8 21. Rae1 Rh8 22. Qd1 Rxh3 23. Nxg5+ Bxg5 24. Kxh3 Rh8+ 25. Kg2 Rh4
26. f3 Qe6 27. Rh1 Qd5 28. Rxh4 Bxh4 29. Rh1 g5 30. a3 Ne7 31. b4 Ng6 32.
Bb2 Bg3 33. Rh7+ Kg8 34. Rxc7 Nh4+ 35. Kh1 Nxf3 36. Rc8+ Kf7 37. Rc7+ Ke6
38. Rc5 Qd7 39. Qxf3 Qh7+ 40. Kg2 Qh2+ 41. Kf1 Qh3+ 42. Qg2 Qxg4 43. Qd5+
Kf6 44. Bxe5+ Kg6 45. Qe4+ Kh6 46. Bc3 Qd1+ 47. Be1 Bxe1 48. Qxe1 Qf3+ 49.
Qf2 Qd1+ 50. Kg2 Qg4+ 51. Kf1 Qd1+ 52. Qe1 Qf3+ 53. Kg1 Qg4+ 54. Kf2 Qg3+
55. Ke2 f3+ 56. Kd2 Qf4+ 57. Qe3 Qh2+ 58. Kc3 f2 59. Qxg5+ Kh7 60. Qe7+ Kg6
61. Rg5+ { Black resigns } 1-0

[Event "ICC tourney 2595 (40 10)"]
[Site "Internet Chess Club"]
[Date "2021.06.05"]
[Round "4"]
[White "VALISEKKAGARI, SAICHARAN:K06-16250885"]
[Black "PANGARIBUAN, JEREMY:jeremyp"]
[Result "0-1"]
[ICCResult "White checkmated"]
[WhiteElo "1393"]
[BlackElo "1213"]
[Opening "Giuoco Piano"]
[ECO "C54"]
[NIC "IG.02"]
[Time "17:47:12"]
[PlyCount "146"]
[TimeControl "2400+10"]

1. e4 e5 2. Nf3 Nc6 3. Bc4 Bc5 4. c3 Nf6 5. d4 exd4 6. cxd4 Bb4+ 7. Bd2
Nxe4 8. Bxb4 Nxb4 9. Bxf7+ Kxf7 10. Qb3+ d5 11. Qxb4 Re8 12. O-O b6 13. Nc3
Kg8 14. Rfe1 c5 15. Qb3 c4 16. Qc2 Bf5 17. Qc1 Qd7 18. Nd2 Nxd2 19. Qxd2 b5
20. Ne2 a5 21. a3 Bd3 22. Nf4 Rxe1+ 23. Rxe1 Be4 24. f3 Bf5 25. Re5 Bg6 26.
Rxd5 Qe8 27. Nxg6 hxg6 28. Re5 Qd7 29. d5 Qd6 30. Re6 Qc5+ 31. Kf1 Rd8 32.
d6 b4 33. d7 c3 34. Re8+ Kh7 35. bxc3 bxc3 36. Qa2 Qb5+ 37. Kg1 Rxe8 38.
dxe8=Q Qxe8 39. Kf1 Qd7 40. Qc2 Qb5+ 41. Ke1 Qb2 42. Kd1 Qxa3 43. Qc1 Qb3+
44. Qc2 Qa3 45. Qc1 Qa4+ 46. Qc2 Qd4+ 47. Ke2 a4 48. Qd3 Qxd3+ 49. Kxd3 Kh6
50. Kxc3 g5 51. g4 Kg6 52. Kb4 Kf6 53. Kxa4 Ke5 54. Kb4 Kf4 55. Kc4 Kxf3
56. Kd4 Kxg4 57. Ke4 g6 58. Ke3 Kh3 59. Kf3 g4+ 60. Kf4 Kh4 61. Ke3 g5 62.
Kf2 Kh3 63. Kg1 g3 64. Kh1 g2+ 65. Kg1 g4 66. Kf2 Kxh2 67. Ke3 g1=Q+ 68.
Kf4 Qg3+ 69. Kf5 Qf3+ 70. Kg5 g3 71. Kg6 g2 72. Kg7 g1=Q+ 73. Kh6 Qh3# {
White checkmated } 0-1

[Event "ICC tourney 2595 (40 10)"]
[Site "Internet Chess Club"]
[Date "2021.06.05"]
[Round "4"]
[White "Kunchanapalli, Havish Nagasai Sashank:HavishNSK"]
[Black "PANGARIBUAN, JAEDEN F:jaedenp"]
[Result "1/2-1/2"]
[ICCResult "Game drawn by repetition"]
[WhiteElo "1291"]
[BlackElo "682"]
[Opening "Vienna gambit"]
[ECO "C25"]
[NIC "VG.04"]
[Time "17:47:14"]
[PlyCount "102"]
[TimeControl "2400+10"]

1. e4 e5 2. Nc3 Nc6 3. f4 Nf6 4. fxe5 Nxe5 5. d4 Nc6 6. Nf3 d5 7. e5 Ne4 8.
Bd3 Bb4 9. Bd2 Nxd2 10. Qxd2 O-O 11. O-O-O Be7 12. h4 Bg4 13. Rdf1 Nb4 14.
Qf4 Nxd3+ 15. cxd3 h5 16. Nh2 Be6 17. g4 f6 18. gxh5 fxe5 19. Qxe5 Qd6 20.
Re1 Rf6 21. Rhg1 Qxe5 22. Rxe5 Bd6 23. Re2 Raf8 24. Reg2 Bf4+ 25. Kc2 Be3
26. Re1 Bxd4 27. Ng4 Bxg4 28. Rxg4 Bf2 29. Re7 R6f7 30. Rxf7 Rxf7 31. Nxd5
Kh7 32. Nc3 c6 33. Ne4 Kh6 34. Nxf2 Rxf2+ 35. Kc3 Rf7 36. Rg5 Rf4 37. Ra5
a6 38. Rg5 Rxh4 39. Rg6+ Kh7 40. Rg5 Rf4 41. a3 Rf7 42. Kd4 Kh6 43. Re5 b6
44. Ke4 a5 45. a4 Rf6 46. b3 Rf2 47. Re6+ Rf6 48. Re5 Rf2 49. Re6+ Rf6 50.
Re5 Rf2 51. Re6+ Rf6 { Game drawn by repetition } 1/2-1/2

[Event "ICC tourney 2595 (40 10)"]
[Site "Internet Chess Club"]
[Date "2021.06.05"]
[Round "4"]
[White "LIU, BRYAN:coolcoolsugar"]
[Black "JACKSON, MASSIMO MATEO:Yeetamus123"]
[Result "1-0"]
[ICCResult "Black forfeits on time"]
[WhiteElo "622"]
[BlackElo "1355"]
[Opening "Sicilian: accelerated fianchetto, modern variation with Bc4"]
[ECO "B35"]
[NIC "SI.33"]
[Time "17:47:07"]
[PlyCount "85"]
[TimeControl "2400+10"]

1. e4 c5 2. Nf3 Nc6 3. d4 cxd4 4. Nxd4 g6 5. Nc3 Bg7 6. Be3 Nf6 7. Bc4 O-O
8. Bb3 Re8 9. Qd2 d6 10. f3 Nxd4 11. Bxd4 Bd7 12. O-O-O a5 13. a4 Rb8 14.
g4 b5 15. axb5 Rf8 16. h4 Bxb5 17. g5 Nh5 18. Bxg7 Nxg7 19. f4 e6 20. Nxb5
Rxb5 21. Qxd6 Qc8 22. Ba4 Rb4 23. Rd4 Rxd4 24. Qxd4 Qb7 25. Rd1 Nh5 26. Qe5
Qb4 27. b3 Rb8 28. f5 exf5 29. exf5 Nf4 30. Qc7 gxf5 31. Bd7 Rf8 32. Bxf5
a4 33. Kb2 a3+ 34. Ka2 Ne2 35. Ka1 Qxh4 36. Qe5 Ng3 37. Bd3 Nh5 38. Rf1 Qb4
39. Rh1 f6 40. Qd5+ Kh8 41. Ka2 Qc3 42. Kxa3 Rb8 43. Qe4 { Black forfeits
on time } 1-0

[Event "ICC tourney 2595 (40 10)"]
[Site "Internet Chess Club"]
[Date "2021.06.05"]
[Round "4"]
[White "GUAN , TSZ YEUNG:DanielGuan"]
[Black "REN, JOCELYN:K05-16899282"]
[Result "1-0"]
[ICCResult "Black forfeits on time"]
[WhiteElo "1346"]
[BlackElo "1102"]
[Opening "QGD: Neo-orthodox variation, 7.Bh4"]
[ECO "D56"]
[NIC "QO.13"]
[Time "17:47:15"]
[PlyCount "157"]
[TimeControl "2400+10"]

1. d4 d5 2. c4 e6 3. Nc3 Nf6 4. Bg5 Be7 5. e3 O-O 6. Nf3 h6 7. Bh4 Nbd7 8.
Be2 c5 9. O-O a6 10. Rb1 cxd4 11. Nxd4 Ne5 12. cxd5 exd5 13. Bg3 Ng6 14.
Bf3 Re8 15. Nc2 Be6 16. Nd4 Qd7 17. Nxe6 fxe6 18. Qd3 Nh8 19. Rfd1 Bd6 20.
Bxd6 Qxd6 21. e4 Rad8 22. exd5 exd5 23. Nxd5 b5 24. Qb3 Nf7 25. Nxf6+ Qxf6
26. Rxd8 Rxd8 27. Bd5 Rd7 28. Rd1 Re7 29. Bxf7+ Qxf7 30. Rd8+ Kh7 31. Kf1
Qxb3 32. axb3 Re6 33. Rd3 g5 34. f3 Kg6 35. Kf2 h5 36. g3 Kf5 37. Re3 Rc6
38. Re8 b4 39. Ke1 a5 40. Re3 Rc2 41. Re2 Rc5 42. Kd1 Kf6 43. Re3 Kf5 44.
Kd2 Rd5+ 45. Rd3 Re5 46. Rd8 Kg6 47. Rd4 Kf5 48. Rd6 Rc5 49. h3 Ke5 50. Rh6
Rd5+ 51. Kc2 Rc5+ 52. Kd3 Rd5+ 53. Ke3 Rc5 54. Rxh5 Kf6 55. h4 Rc2 56. Rxg5
Rxb2 57. Rxa5 Rxb3+ 58. Kf4 Ra3 59. Rb5 b3 60. h5 Ra4+ 61. Ke3 Ra3 62. f4
b2+ 63. Kf2 Ra2 64. Kf3 Ra3+ 65. Kg4 Ra5 66. Rxb2 Kg7 67. Rb6 Rd5 68. Rg6+
Kf7 69. Rg5 Rd6 70. Rf5+ Kg7 71. Kg5 Re6 72. h6+ Kh7 73. Rf7+ Kh8 74. f5
Re8 75. g4 Rg8+ 76. Kh5 Re8 77. g5 Rd8 78. g6 Kg8 79. Ra7 { Black forfeits
on time } 1-0

[Event "ICC tourney 2595 (40 10)"]
[Site "Internet Chess Club"]
[Date "2021.06.05"]
[Round "5"]
[White "Lin, James:MeLikeGame"]
[Black "JOSHI, AADIT KRISHNA:adeetiey"]
[Result "1-0"]
[ICCResult "Black checkmated"]
[WhiteElo "1348"]
[BlackElo "179"]
[Opening "Sicilian: Grand Prix attack"]
[ECO "B23"]
[NIC "SI.44"]
[Time "20:01:20"]
[PlyCount "39"]
[TimeControl "2400+10"]

1. e4 c5 2. Nc3 Nc6 3. f4 e5 4. fxe5 Nxe5 5. Nf3 Nxf3+ 6. Qxf3 Nf6 7. Bc4
Bd6 8. d3 O-O 9. Bd2 Be5 10. O-O-O d6 11. Bg5 Bg4 12. Qf2 Bxd1 13. Rxd1
Bxc3 14. bxc3 Qa5 15. Bxf6 gxf6 16. Qxf6 Qa3+ 17. Kd2 Qa5 18. Rf1 Qc7 19.
Rf3 Rae8 20. Rg3# { Black checkmated } 1-0

[Event "ICC tourney 2595 (40 10)"]
[Site "Internet Chess Club"]
[Date "2021.06.05"]
[Round "5"]
[White "KRISHNAN, ASHVATH:ashvathk5"]
[Black "GUERRERIO, CHRISTOPHER:K09-16206065"]
[Result "1-0"]
[ICCResult "Black resigns"]
[WhiteElo "1226"]
[BlackElo "530"]
[Opening "Ruy Lopez: Anderssen variation"]
[ECO "C77"]
[NIC "RL.12"]
[Time "20:01:39"]
[PlyCount "39"]
[TimeControl "2400+10"]

1. e4 e5 2. Nf3 Nc6 3. Bb5 a6 4. Ba4 Nf6 5. d3 b5 6. Bb3 Bc5 7. c3 d6 8.
O-O Bg4 9. Nbd2 O-O 10. Re1 Re8 11. Nf1 Bd7 12. Ng3 Ng4 13. Rf1 h6 14. h3
Nf6 15. Bd2 b4 16. Qc1 a5 17. Re1 Qb8 18. Bxh6 g6 19. Qg5 Nh7 20. Qxg6+ {
Black resigns } 1-0

[Event "ICC tourney 2595 (40 10)"]
[Site "Internet Chess Club"]
[Date "2021.06.05"]
[Round "5"]
[White "BAI, JEFFREY:Jeffchess"]
[Black "SIAMWALLA, ALVIN:cappyal"]
[Result "0-1"]
[ICCResult "White checkmated"]
[WhiteElo "1264"]
[BlackElo "896"]
[Opening "King's pawn game"]
[ECO "C50"]
[NIC "IG.03"]
[Time "20:01:53"]
[PlyCount "38"]
[TimeControl "2400+10"]

1. e4 e5 2. Nf3 Nc6 3. Bc4 h6 4. Nc3 Nf6 5. Bxf7+ Kxf7 6. Nxe5+ Nxe5 7. d4
Nc6 8. d5 Ne5 9. f4 Ng6 10. O-O Bc5+ 11. Kh1 Qe7 12. e5 Nh7 13. Qh5 d6 14.
e6+ Kf6 15. g4 Bxe6 16. dxe6 Qxe6 17. f5 Qc4 18. Nd5+ Qxd5+ 19. Rf3 Qxf3# {
White checkmated } 0-1

[Event "ICC tourney 2595 (40 10)"]
[Site "Internet Chess Club"]
[Date "2021.06.05"]
[Round "5"]
[White "VESVAL, THOMAS:Goofymammoth"]
[Black "Meredith, Robert J:RJblue"]
[Result "1-0"]
[ICCResult "Black checkmated"]
[WhiteElo "1245"]
[BlackElo "769"]
[Opening "Caro-Kann: advance variation"]
[ECO "B12"]
[NIC "CK.04"]
[Time "20:01:19"]
[PlyCount "47"]
[TimeControl "2400+10"]

1. e4 c6 2. d4 d5 3. e5 Bf5 4. f4 e6 5. c4 c5 6. cxd5 exd5 7. Bb5+ Nc6 8.
Nf3 a6 9. Bxc6+ bxc6 10. Qa4 Qb6 11. Bd2 O-O-O 12. Ba5 Qxb2 13. Qxc6+ Kb8
14. Qc7+ Ka8 15. Qxd8+ Ka7 16. O-O Be7 17. Qc7+ Ka8 18. Bb6 Qxb6 19. Qxb6
Bd3 20. Nc3 Bxf1 21. Rb1 Bb5 22. Nxb5 axb5 23. Rxb5 Nh6 24. Qa6# { Black
checkmated } 1-0

[Event "ICC tourney 2595 (40 10)"]
[Site "Internet Chess Club"]
[Date "2021.06.05"]
[Round "5"]
[White "Lee, Shan:Shanlee"]
[Black "Kunchanapalli, Havish Nagasai Sashank:HavishNSK"]
[Result "0-1"]
[ICCResult "White resigns"]
[WhiteElo "896"]
[BlackElo "1291"]
[Opening "French defense"]
[ECO "C00"]
[NIC "FR.01"]
[Time "20:01:52"]
[PlyCount "48"]
[TimeControl "2400+10"]

1. e4 e6 2. Nf3 d5 3. exd5 exd5 4. d4 Nc6 5. Nc3 Bb4 6. Bb5 Bxc3+ 7. bxc3
Ne7 8. O-O O-O 9. Re1 a6 10. Ba4 b5 11. Bb3 Qd6 12. Ne5 Nxe5 13. dxe5 Qe6
14. Bf4 c5 15. a3 c4 16. Ba2 Ng6 17. Bg3 Bb7 18. Qd4 Ne7 19. f4 Nf5 20. Qf2
Qg6 21. Bb1 h5 22. Qf3 Rab8 23. Bf2 d4 24. Qg3 Nxg3 { White resigns } 0-1

[Event "ICC tourney 2595 (40 10)"]
[Site "Internet Chess Club"]
[Date "2021.06.05"]
[Round "5"]
[White "SENTHILKUMAR, PRAJITH:K06-17013203"]
[Black "YIN, HAOXUAN:haoxuanyin"]
[Result "0-1"]
[ICCResult "White resigns"]
[WhiteElo "362"]
[BlackElo "776"]
[Opening "Four knights: Scotch variation"]
[ECO "C44"]
[NIC "SO.01"]
[Time "20:01:53"]
[PlyCount "102"]
[TimeControl "2400+10"]

1. e4 e5 2. Nf3 Nc6 3. d4 Nf6 4. Nc3 Bb4 5. Bd2 O-O 6. Bd3 exd4 7. Nxd4
Nxd4 8. e5 Re8 9. O-O Rxe5 10. Bf4 Re8 11. Nd5 Nxd5 12. Qg4 Nxf4 13. Qxf4
Re2 14. Qxd4 Re6 15. Qh4 Rh6 16. Qxb4 d6 17. Qa5 Qh4 18. Qe5 dxe5 19. Rfe1
Qxh2+ 20. Kf1 Qh1+ 21. Ke2 Qxg2 22. Kd2 Qxf2+ 23. Re2 Be6 24. Rxf2 f6 25.
Rd1 Rd8 26. Kc1 Kf7 27. Rfd2 Rh5 28. Be2 Rxd2 29. Bxh5+ g6 30. Rxd2 gxh5
31. Rd8 Ke7 32. Rh8 Bf5 33. Rc8 Kd7 34. Ra8 a6 35. Rf8 Ke7 36. Rc8 Kd7 37.
Rf8 Ke7 38. Rc8 Kd7 39. Rf8 Ke6 40. Rd8 Be4 41. Rc8 c6 42. Rb8 c5 43. Rxb7
Bxb7 44. c4 h4 45. Kd1 h3 46. Ke1 h2 47. Kf1 e4 48. Kg2 e3+ 49. Kxh2 e2 50.
Kg1 e1=Q+ 51. Kh2 f5 { White resigns } 0-1